AoeStats
← Léon gontran

Arena

509082810Analyzed
4v4 RM · 5d ago on Sep 25, 2026· 40m 8s· 8 players
Game mode
Random Map
Map size
Large (8 player)
Population
200
Speed
Normal
Resources
Standard
Victory
Conquest
Starting age
Dark Age
Ending age
Imperial Age
RankedLock teamsTeams togetherTeam positionsShared explorationLock speedFull tech treeHidden civsTurbo modeCheats
Victory
Defeat
1215
+16
🇨🇳 Sicilians · China
1181
+17
🇨🇳 Franks · China
1181
+17
🇨🇳 Varangians · China
1173
+17
🇨🇴 Saxons · Colombia
1239
-17
🇫🇷 Burmese · France
1224
-18
🇹🇼 Danes · Taiwan
1198
-17
🇨🇳 Inca · China
1152
-15
2486436235
10:22 Feudal Age
11:08 Double-Bit Axe
14:08 Castle Age
15:08 Bow Saw
21:20 Wheelbarrow
21:51 Loom
22:38 Hand Cart
23:14 Gold Mining
24:30 Gold Shaft Mining
28:58 Imperial Age
27:15 Stone Mining
27:55 Husbandry
28:07 Forging
28:02 Scale Barding Armor
28:19 Fletching
29:23 Iron Casting
29:30 Iron Casting
29:06 Cavalier
30:29 Chain Barding Armor
30:07 Bodkin Arrow
31:33 Blast Furnace
30:35 Chivalry
30:56 Conscription
30:41 Treadmill Crane
32:02 Chemistry
30:33 Paladin
31:19 Town Watch
31:46 Murder Holes
32:42 Plate Barding Armor
32:19 Siege Engineers
36:02 Caravan
西貢蘇tszxxx怒插慈雲山傻尻
11:14 Feudal Age
15:44 Castle Age
14:56 Wheelbarrow
14:53 Double-Bit Axe
15:51 Wheelbarrow
15:29 Horse Collar
17:35 Bow Saw
18:00 Hand Cart
21:19 Loom
22:06 Town Watch
23:39 Heavy Plow
28:01 Imperial Age
25:38 Stone Mining
26:17 Fletching
26:29 Padded Archer Armor
26:29 Gold Mining
28:13 Ballistics
28:13 Bodkin Arrow
28:34 Leather Archer Armor
28:08 Pikeman
28:49 Squires
28:34 Arson
28:35 Gambesons
30:28 Chemistry
29:02 Crossbowman
30:33 Gold Shaft Mining
31:01 Two-Man Saw
30:15 Forging
30:08 Bracer
29:41 Arbalester
30:53 Thumb Ring
32:38 Ring Archer Armor
32:17 Scale Mail Armor
31:54 Capped Ram
32:43 Siege Engineers
33:38 Bolt Magazine
35:15 Capped Ram
36:41 Guilds
37:32 Chain Mail Armor
36:48 Siege Ram
zhenyy
10:24 Feudal Age
14:11 Castle Age
13:17 Double-Bit Axe
16:03 Bow Saw
17:01 Horse Collar
19:01 Wheelbarrow
30:11 Imperial Age
28:12 Loom
28:43 Hand Cart
28:33 Gold Mining
28:34 Stone Mining
28:42 Stone Mining
29:41 Caravan
30:13 Forging
30:04 Scale Mail Armor
30:09 Squires
29:54 Arson
29:55 Gambesons
31:18 Conscription
31:13 Guilds
31:32 Masonry
32:20 Stone Shaft Mining
32:52 Two-Man Saw
31:55 Heavy Plow
31:21 Elite Varangian Guard
31:34 Gothikon
33:32 Iron Casting
33:12 Chain Mail Armor
34:23 Plate Mail Armor
35:12 Blast Furnace
33:59 Capped Ram
36:32 Siege Ram
39:53 Elite Jarl
40:40 Scale Barding Armor
所以狼
11:20 Feudal Age
15:15 Castle Age
15:05 Double-Bit Axe
15:38 Forging
23:18 Fletching
23:28 Scale Mail Armor
33:10 Pikeman
35:19 Bodkin Arrow
35:38 Horse Collar
jaimeerp
10:38 Feudal Age
14:34 Castle Age
12:41 Double-Bit Axe
13:03 Horse Collar
17:13 Bow Saw
18:16 Heavy Plow
19:54 Fletching
20:06 Loom
Léon gontran
6:42 Loom
7:29 Loom
9:38 Feudal Age
12:04 Horse Collar
16:46 Castle Age
15:38 Scale Barding Armor
18:09 Bloodlines
20:09 Forging
23:58 Heavy Plow
25:02 Wheelbarrow
24:13 Town Watch
25:08 Gold Mining
26:38 Hand Cart
27:21 Iron Casting
28:09 Chain Barding Armor
29:14 Husbandry
30:35 Gold Shaft Mining
33:30 Pikeman
34:10 Squires
33:56 Gambesons
34:16 Scale Mail Armor
35:05 Town Patrol
35:56 Chain Mail Armor
39:20 Imperial Age
39:02 Fortified Wall
39:10 Masonry
38:40 Treadmill Crane
38:57 Murder Holes
39:52 Fletching
40:38 Plate Barding Armor
40:04 Padded Archer Armor
41:09 Blast Furnace
DongHan
10:54 Feudal Age
11:55 Double-Bit Axe
11:58 Horse Collar
14:56 Castle Age
16:03 Bow Saw
18:28 Heavy Plow
20:08 Loom
22:54 Wheelbarrow
23:04 Squires
23:41 Arson
24:16 Gold Mining
28:35 Imperial Age
27:06 Gambesons
28:03 Hand Cart
27:34 Town Watch
30:01 Scale Mail Armor
30:12 Forging
31:16 Chain Mail Armor
30:23 Elite Varangian Guard
32:37 Conscription
31:40 Hamask
31:52 Capped Ram
33:45 Iron Casting
33:43 Plate Mail Armor
33:48 Iron Casting
34:54 Gold Shaft Mining
34:09 Stone Mining
34:03 Siege Ram
36:48 Blast Furnace
35:40 Fletching
38:09 Conscription
38:23 Bodkin Arrow
1361331795
0:35 Loom
10:43 Feudal Age
15:47 Castle Age
13:34 Double-Bit Axe
15:05 Horse Collar
23:06 Wheelbarrow
22:34 Heavy Plow
28:05 Imperial Age
25:38 Fletching
25:48 Padded Archer Armor
25:53 Squires
25:39 Arson
26:14 Gold Mining
26:37 Bow Saw
25:59 Elite Skirmisher
27:03 Forging
26:53 Scale Mail Armor
28:52 Hand Cart
29:46 Conscription
28:51 Capped Ram
30:39 Town Watch
32:13 Gold Shaft Mining
31:34 Stone Mining
32:06 Bodkin Arrow
32:26 Leather Archer Armor
33:25 Siege Ram
34:53 Crop Rotation
Connection lost

Rejoining the realm…

Still unreachable

The connection could not be restored.

Session expired

The server has moved on; the page needs a fresh start.